 Dungeon Crawl Stone Soup version 0.16-a0-4002-g2d13b8e (webtiles) character file.

252 PolkaDot the Caller (level 5, -3/38 HPs)
             Began as a Vampire Summoner on Feb 14, 2015.
             Slain by an orc
             ... wielding a +0 mace
              (6 damage)
             ... on level 4 of the Dungeon.
             The game lasted 00:08:59 (2420 turns).

PolkaDot the Caller (Vampire Summoner)              Turns: 2420, Time: 00:09:00

Health: -3/38      AC:  5    Str:  7    XL:     5   Next: 89%
Magic:  5/11       EV: 12    Int: 18    God:
Gold:   95         SH:  0    Dex: 14    Spells: 4 memorised, 0 levels left

rFire  . . .     SeeInvis +     f - +1 spear (vamp)
rCold  . . .     Clarity  .     d - +2 robe {rN+}
rNeg   + . .     SustAb   .     (no shield)
rPois  .         Gourm    .     (no helmet)
rElec  .         Spirit   .     i - +0 cloak
rCorr  .         Warding  .     (no gloves)
rMut   .         Stasis   .     (no boots)
MR     .....                    (no amulet)
Stlth  +.........               (no ring)
                                (no ring)

@: confused, regenerating very quickly, not resistant to hostile enchantments,
very unstealthy
A: bottle blood, fangs 3, see invisible, unbreathing
a: no special abilities


You were on level 4 of the Dungeon.
You were almost alive.

You visited 1 branch of the dungeon, and saw 4 of its levels.

You collected 95 gold pieces.

Inventory:

Hand weapons
 f - a +1 vampiric spear (weapon)
Missiles
 a - a throwing net (quivered)
Armour
 d - a +2 robe of positive energy (worn)
 i - a +0 cloak (worn)
Jewellery
 o - an uncursed amulet of warding {unknown}
 p - a cursed ring of teleportation {unknown}
Scrolls
 c - a scroll of amnesia {unknown}
 e - 8 scrolls of identify {unknown}
 g - 2 scrolls of random uselessness {unknown}
 h - a scroll of blinking {unknown}
 k - 2 scrolls of enchant armour {unknown}
 l - 2 scrolls of teleportation {unknown}
 m - 2 scrolls of enchant weapon {unknown}
 n - 2 scrolls of noise {unknown}
 q - a scroll of remove curse {unknown}
Potions
 j - 18 potions of blood {@*1}
Books
 b - a book of Callings

   Spells                             Type                      Level
   a - Summon Small Mammal            Summoning                    1
   b - Call Imp                       Summoning                    2
   c - Call Canine Familiar           Summoning                    3
   d - Summon Guardian Golem          Hexes/Summoning              4
   e - Summon Lightning Spire         Summoning/Air                4
   f - Summon Ice Beast               Ice/Summoning                4


   Skills:
 + Level 1.8 Fighting
 * Level 2.3 Polearms
 - Level 2.1 Dodging
 - Level 3.0 Stealth
 - Level 3.0 Spellcasting
 + Level 5.5 Summonings


You couldn't memorise any spells.
You knew the following spells:

 Your Spells              Type           Power        Failure   Level  Hunger
d - Call Canine Familiar  Summ           ###.....     6%          3    ###....
i - Summon Ice Beast      Ice/Summ       ##......     54%         4    ####...
s - Call Imp              Summ           ###.....     2%          2    ##.....
z - Summon Small Mammal   Summ           ###.         1%          1    None


Dungeon Overview and Level Annotations

Branches:
Dungeon (4/15)
 Temple: D:4-7

Altars:
Dithmenos
Makhleb
Trog
The Shining One


Innate Abilities, Weirdness & Mutations

Your natural rate of healing is extremely fast.
You can bottle blood from corpses.
You have razor-sharp teeth.
You have supernaturally acute eyesight.
You can survive without breathing.


Message History

Your hound disappears in a puff of smoke!
Your crimson imp hits the orc but does no damage.
The orc priest hits you with a flail!
* * * LOW HITPOINT WARNING * * *
The orc closely misses your crimson imp.
The orc wizard casts a spell at you.
You are confused.
Drink which item? (? for menu, Esc to quit)
Okay, then.
Drink which item? (? for menu, Esc to quit)
Okay, then.
You're too confused!
You hit the orc but do no damage. You bite the orc.
The orc is almost dead.
Your crimson imp barely misses the orc.
Your crimson imp blinks!
The orc priest hits you with a flail.
* * * LOW HITPOINT WARNING * * *
The orc hits you with a mace.
You die...

+.......#
###....)..#
#<...(....#
#.(.((..#'###
#.#########.#
#......†((..####..
#.....$.....!......
#######5....#####
#..@o5# #..oo§#
#...§.# ####....
#..... ...... .(...
.... .


You could see an orc priest, an orc wizard, an orc and 2 friendly crimson imps.

Vanquished Creatures
  A hound (D:2)
  2 orc wizards (D:3)
  An adder (D:2)
  A giant gecko (D:1)
  7 orcs (D:3)
  3 bats
  3 giant cockroaches
  5 goblins
  4 hobgoblins
  8 kobolds
  A quokka (D:2)
  A giant newt (D:1)
  6 jackals
  8 rats
51 creatures vanquished.

Vanquished Creatures (collateral kills)
  A hound (D:4)
  An orc priest (D:3)
  7 gnolls
  A giant mite (D:2)
  2 adders (D:2)
  A worm (D:2)
  A giant gecko (D:1)
  An ooze (D:1)
  3 orcs (D:3)
  3 bats (D:1)
  A giant cockroach (D:3)
  4 hobgoblins (D:1)
  3 jackals
  A goblin (D:1)
  3 kobolds
  2 rats (D:1)
35 creatures vanquished.

Vanquished Creatures (others)
  2 hounds
  An iron imp (D:2)
  A white imp (D:3)
  2 bats (D:1)
  A rat (D:1)
7 creatures vanquished.

Grand Total: 93 creatures vanquished

Notes
Turn   | Place    | Note
--------------------------------------------------------------
     0 | D:1      | PolkaDot, the Vampire Summoner, began the quest for the Orb.
     0 | D:1      | Reached XP level 1. HP: 13/13 MP: 3/3
   327 | D:1      | Reached XP level 2. HP: 19/19 MP: 4/4
   331 | D:1      | Learned a level 2 spell: Call Imp
   924 | D:2      | Reached XP level 3. HP: 24/24 MP: 6/6
   931 | D:2      | Found a bloodstained altar of Trog.
  1111 | D:2      | Learned a level 3 spell: Call Canine Familiar
  1117 | D:2      | Reached skill level 5 in Summonings
  1148 | D:2      | Reached XP level 4. HP: 30/30 MP: 1/8
  1180 | D:2      | Found a glowing golden altar of the Shining One.
  1292 | D:2      | Found a shadowy altar of Dithmenos.
  1326 | D:2      | Found a burning altar of Makhleb.
  1490 | D:2      | Found a burning altar of Makhleb.
  1504 | D:2      | Reached skill level 1 in Polearms
  1629 | D:3      | Reached XP level 5. HP: 31/36 MP: 1/11
  1635 | D:3      | Reached skill level 1 in Fighting
  1865 | D:3      | HP: 1/37 [gnoll/spear (11)]
  2330 | D:3      | Learned a level 4 spell: Summon Ice Beast
  2420 | D:4      | Slain by an orc

Action                   |  1- 3 |  4- 6 || total
-------------------------+-------+-------++-------
Melee: Short sword       |    67 |       ||    67
       Unarmed           |     2 |       ||     2
       Spear             |       |   168 ||   168
 Cast: Summon Small Mamm |    19 |       ||    19
       Call Imp          |    10 |     8 ||    18
       Call Canine Famil |     2 |     3 ||     5
  Use: Potion            |     7 |    10 ||    17
 Stab: Sleeping          |     4 |     3 ||     7
       Distracted        |       |     1 ||     1
  Eat: Corpse            |     9 |       ||     9
